 Dungeon Crawl Stone Soup version 0.23-a0-586-gacb4b3f (console) character file.

98 Duffy the Firebug (level 4, 0/24 HPs)
             Began as a Deep Elf Fire Elementalist on Dec 19, 2018.
             Slain by an orc wizard
             ... wielding a +0 dagger
              (4 damage)
             ... on level 3 of the Dungeon.
             The game lasted 00:02:12 (1851 turns).

Duffy the Firebug (Deep Elf Fire Elementalist)      Turns: 1851, Time: 00:02:12

Health: 0/24       AC:  3    Str:  5    XL:     4   Next: 44%
Magic:  1/11       EV: 13    Int: 21    God:
Gold:   30         SH:  0    Dex: 15    Spells: 2/10 levels left

rFire    . . .     SeeInvis .   c - 5 rations
rCold    . . .     Gourm    .   (no shield)
rNeg     . . .     Faith    .   a - +0 robe
rPois    .         Spirit   .   f - +0 helmet
rElec    .         Reflect  .   (no cloak)
rCorr    .         Harm     .   (no gloves)
MR       .....                  (no boots)
Stlth    ++........             (no amulet)
HPRegen  0.08/turn              (no ring)
MPRegen  0.12/turn              (no ring)

@: very slightly contaminated
A: no striking features
a: no special abilities


You were on level 3 of the Dungeon.
You were not hungry.

You visited 1 branch of the dungeon, and saw 3 of its levels.

You collected 30 gold pieces.

Inventory:

Armour
 a - a +0 robe (worn)
 f - a +0 helmet (worn)
Scrolls
 e - 2 scrolls of remove curse {unknown}
 g - a scroll of teleportation {unknown}
 h - a scroll of amnesia {unknown}
 i - a scroll of random uselessness {unknown}
 j - a scroll of enchant weapon {unknown}
Potions
 b - 2 potions of lignification {unknown}
 d - a potion of degeneration {unknown}
Comestibles
 c - 5 rations (in hand)


   Skills:
 - Level 2.4 Dodging
 - Level 2.4 Stealth
 + Level 3.8 Spellcasting
 + Level 3.8 Conjurations
 + Level 3.9 Fire Magic


You had 2 spell levels left.
You knew the following spells:

 Your Spells              Type           Power        Failure   Level  Hunger
h - Flame Tongue          Conj/Fire      ###..        2%          1    None
j - Sticky Flame          Conj/Fire      ###.....     24%         4    ####...
l - Conjure Flame         Conj/Fire      ###.....     8%          3    ###....

Your spell library contained the following spells:

 Spells                   Type           Power        Failure   Level  Hunger
 Throw Flame              Conj/Fire      ###...       3%          2    #......
 Inner Flame              Hex/Fire       ##......     17%         3    ###....
 Fireball                 Conj/Fire      ###.......   56%         5    ######.


Dungeon Overview and Level Annotations

Branches:
Dungeon (3/15)

Altars:


Message History

You kill the giant cockroach!
The hobgoblin barely misses you. The orc closely misses you.
Casting: Flame Tongue (safe; 2% risk of failure)
Confirm with . or Enter, or press ? or * to list all spells.
Aiming: Sticky Flame (slightly dangerous; 24% risk of failure)
Press: ? - help, Shift-Dir - straight line, f - orc
Aim: an orc, wearing a +0 chain mail (moderately wounded)
Okay, then.
Casting: Sticky Flame (slightly dangerous; 24% risk of failure)
Confirm with . or Enter, or press ? or * to list all spells.
Aiming: Sticky Flame (slightly dangerous; 24% risk of failure)
Press: ? - help, Shift-Dir - straight line, f - orc
Aim: an orc, wearing a +0 chain mail (moderately wounded)
The sticky flame hits the orc wizard.
The orc wizard is heavily wounded.
The orc wizard is covered in liquid flames!
The orc shouts!
The orc wizard burns!
The orc wizard hits you with a +0 dagger.
You die...

........# ......>.. .
#......# ##. ..
#......# #o...
...#....s.##......
........wo.. .....
........og##......
........oo@ow.....
#... ##o#.#o####.####.
.[..# #..#.#.# # ....#
#.#...o#
....#####.#....#
##......#.#.o..# ....#
#...#o...####
...o####o.........#
..oo.oo.o#####.##...o#


You could see 2 worms, 2 orc wizards, 5 orcs, a giant cockroach and a hobgoblin.

Vanquished Creatures
  Jessica (D:2)
  Robin (D:1)
  2 adders (D:2)
  A dart slug (D:1)
  2 leopard geckos
  A ball python (D:2)
  2 bats
  4 giant cockroaches
  12 goblins
  3 hobgoblins
  3 kobolds (D:1)
  A frilled lizard (D:1)
  6 rats
39 creatures vanquished.

Notes
Turn   | Place    | Note
-------+----------+-------------------------------------------
     0 | D:1      | Duffy the Deep Elf Fire Elementalist began the quest for
                  | the Orb.
     0 | D:1      | Reached XP level 1. HP: 10/10 MP: 6/6
    27 | D:2      | Reached XP level 2. HP: 13/15 MP: 4/8
   802 | D:2      | Noticed Robin
   814 | D:2      | Reached XP level 3. HP: 15/19 MP: 6/9
   827 | D:1      | Learned a level 3 spell: Conjure Flame
  1393 | D:1      | Killed Robin
  1703 | D:2      | Noticed Jessica
  1712 | D:2      | Killed Jessica
  1712 | D:2      | Reached XP level 4. HP: 24/24 MP: 6/11
  1720 | D:2      | Learned a level 4 spell: Sticky Flame
  1851 | D:3      | Slain by an orc wizard

Vault maps used:
D:1:      dpeg_arrival_tiny_g
D:2:      cheibriados_altar_1, chequers_ecumenical_altar_twisty,
          nemelex_altar_shiori, uniq_robin, uniq_jessica
D:3:      lemuel_coloured_pillars_altar, lemuel_round_altar,
          nicolae_ashenzari_panopticon, gammafunk_temple_overflow_pools,
          lemuel_doored_altar, hellmonk_ghost_happy_afterlife, uniq_purgy

Skill      XL: |  1  2 |
---------------+-------+-----
Conjurations   | 2 3 |  3.8
Dodging        | |  2.4
Stealth        | |  2.4
Spellcasting   | |  3.8
Fire Magic     | |  3.9

Action                   |  1- 3 |  4- 6 || total
-------------------------+-------+-------++-------
 Cast: Flame Tongue      |    53 |    13 ||    66
       Sticky Flame      |       |     1 ||     1
  Eat: Chunk             |     2 |     1 ||     3
Armor: Robe              |     4 |     8 ||    12
Dodge: Dodged            |    19 |    23 ||    42

Table legend:
 A = Non-vault XP
 B = Vault XP
 C = Vault XP percentage of total XP
 D = Non-vault monster count
 E = Vault monster count
 F = Vault count percentage of total count
                 A         B        C        D         E       F
            +---------+---------+-------+---------+---------+-------
      Total |      68 |      73 |  51.8 |      26 |      13 |  33.3
            +---------+---------+-------+---------+---------+-------
        D:1 |      23 |      26 |  53.1 |      13 |       7 |  35.0
        D:2 |      42 |      47 |  52.8 |      11 |       6 |  35.3
        D:3 |       3 |       0 |   0.0 |       2 |       0 |   0.0
            +---------+---------+-------+---------+---------+-------
